 Dungeon Crawl Stone Soup version 0.17-a0-1378-g281efdd (webtiles) character file.

102 Steifyn the Ruffian (level 4, -2/40 HPs)
             Began as a Ghoul Monk on June 14, 2015.
             Slain by a phantom (6 damage)
             ... on level 4 of the Dungeon.
             The game lasted 00:07:54 (879 turns).

Steifyn the Ruffian (Ghoul Monk)                     Turns: 879, Time: 00:07:54

Health: -2/40      AC:  3    Str: 15    XL:     4   Next: 77%
Magic:  3/3        EV: 13    Int:  5    God:
Gold:   56         SH:  0    Dex: 11    Spells: 0 memorised, 3 levels left

rFire  . . .     SeeInvis .     f - +2 trident (venom)
rCold  + . .     Clarity  .     a - +1 robe
rNeg   + + +     SustAt   +     (no shield)
rPois  ∞         Gourm    .     (no helmet)
rElec  .         Spirit   .     (no cloak)
rCorr  .         Warding  +     (no gloves)
rMut   .         Stasis   .     (no boots)
MR     .....                    d - amulet of warding
Stlth  ++........               (no ring)
                                g - ring of sustain attributes

@: rotting, not resistant to hostile enchantments, unstealthy
A: rotting body, claws 1, carnivore 3, cold resistance 1, negative energy
resistance 3, slow healing 1, torment resistance, unbreathing
a: no special abilities


You were on level 4 of the Dungeon.
You were not hungry.

You visited 1 branch of the dungeon, and saw 4 of its levels.

You collected 56 gold pieces.

Inventory:

Hand weapons
 e - a +0 dagger
 f - a +2 trident of venom (weapon)
Armour
 a - a +1 robe (worn)
Jewellery
 d - an amulet of warding (around neck)
 g - a ring of sustain attributes (left claw)
Comestibles
 b - a meat ration
 c - a chunk of flesh


   Skills:
 + Level 3.8 Fighting
 + Level 0.6 Polearms
 + Level 3.6 Dodging
 + Level 2.4 Stealth
 + Level 5.1 Unarmed Combat


You had 3 spell levels left.
You didn't know any spells.

Dungeon Overview and Level Annotations

Branches:
Dungeon (4/15)
 Temple: D:4-7

Altars:


Innate Abilities, Weirdness & Mutations

Your body is rotting away.
You thrive on raw meat.
You are immune to poison.
You have sharp fingernails.
You are carnivorous and can eat meat at any time.
Your flesh is cold resistant.
You are immune to negative energy.
You heal slowly when monsters are visible.
You are immune to unholy pain and torment.
You can survive without breathing.


Message History

You hit the phantom.
The phantom is severely damaged.
The phantom blinks!
The phantom blinks!
The phantom closely misses you.
You hit the phantom but do no damage.
The phantom is severely damaged.
The phantom barely misses you.
You barely miss the phantom.
The phantom is severely damaged.
The phantom hits you.
* * * LOW HITPOINT WARNING * * *
You barely miss the phantom.
The phantom is severely damaged.
The phantom closely misses you.
You hit the phantom.
The phantom is severely damaged.
The phantom blinks!
The phantom hits you.
You die...

####...## ##...#
##....## ####...##
.....## ###.......#
.....# ####.........#
....####............##
....##...............#
.....................##
#..........)..........#
#...............@W....#
##.........<..........#
#...#................#
##..#................#
#..##.......>....#...#
#..##.........#####...#
#. ########### #..#
...# #..#


You could see a phantom.

Vanquished Creatures
  An orc priest (D:3)
  A worker ant (D:4)
  An ooze (D:3)
  An adder skeleton (D:4)
  4 orcs (D:3)
  3 bats
  2 bat skeletons (D:4)
  4 goblins
  2 hobgoblins (D:4)
  4 jackals (D:2)
  2 kobolds
  A quokka (D:2)
  A giant newt (D:1)
  4 rats
31 creatures vanquished.

Notes
Turn   | Place    | Note
--------------------------------------------------------------
     0 | D:1      | Steifyn the Ghoul Monk began the quest for the Orb.
     0 | D:1      | Reached XP level 1. HP: 19/19 MP: 0/0
   101 | D:1      | Reached XP level 2. HP: 26/26 MP: 1/1
   449 | D:3      | Reached skill level 5 in Unarmed Combat
   449 | D:3      | Reached XP level 3. HP: 12/33 MP: 2/2
   449 | D:3      | Reached XP level 4. HP: 14/40 MP: 3/3
   790 | D:4      | Noticed a phantom
   879 | D:4      | Slain by a phantom

Vault maps used:
D:1:      noname_arrival_rooms_in_the_neighbourhood, lexackson_kobold_supper
D:2:      nicolae_overflow_hidden_temple, ecumenical_altar_2, serial_forest,
          infiniplex_forest_straight_1, infiniplex_forest_lined_2,
          infiniplex_forest_end_3, infiniplex_forest_lined_1,
          infiniplex_forest_clump_double, infiniplex_forest_lined_4_way
D:4:      lemuel_doored_altar, first_bread

Action                   |  1- 3 |  4- 6 || total
-------------------------+-------+-------++-------
Melee: Unarmed           |    14 |       ||    14
       Trident           |    38 |    55 ||    93
       Dagger            |    17 |       ||    17
  Use: Potion            |     3 |       ||     3
       Scroll            |     2 |     3 ||     5
 Stab: Sleeping          |     1 |     2 ||     3
  Eat: Chunk             |     8 |    13 ||    21
